 Dungeon Crawl Stone Soup version 0.31-a0-851-g7ff8af7976 (webtiles) character file.

Game seed: 17372882104842634206

596 gruber the Chiller (level 7, -2/48 HPs)
             Began as a Demonspawn Ice Elementalist on Oct 6, 2023.
             Was a Follower of Vehumet.
             Slain by Menkaure (6 damage)
             ... on level 5 of the Dungeon.
             The game lasted 00:05:42 (4383 turns).

gruber the Chiller (Demonspawn Ice Elementalist)    Turns: 4383, Time: 00:05:42

Health: -2/48      AC: 15    Str: 11    XL:     7   Next: 17%
Magic:  21/31      EV: 12    Int: 19    God:    Vehumet [*.....]
Gold:   186        SH:  0    Dex: 13    Spells: 4/14 levels left

rFire   . . .        y - +3 short sword
rCold   . . .        (no shield)
rNeg    . . .        n - +1 robe of Eternal Night {Rampage MP+9 Str+3 Stlth+}
rPois   .            (no helmet)
rElec   .            (no cloak)
rCorr   .            r - +1 pair of gloves
SInv    .            s - +0 pair of boots
Will    .....        (no amulet)
Stlth   +++          l - ring of magical power
HPRegen 0.28/turn    q - ring of wizardry
MPRegen 0.22/turn

%: rampage, wizardry (x1)
@: ice-armoured
A: rugged brown scales 2, foul stench 2
a: Renounce Religion


You were on level 5 of the Dungeon.
You worshipped Vehumet.
Vehumet was aware of your devotion.
You visited 2 branches of the dungeon, and saw 6 of its levels.

You collected 186 gold pieces.

Inventory:

Hand Weapons
 d - a +1 rapier of draining
 y - a +3 short sword (weapon)
Missiles
 a - 2 throwing nets
Armour
 n - the +1 robe of Eternal Night (worn) {Rampage MP+9 Str+3 Stlth+}
   (You found it on level 2 of the Dungeon)

   Str+3:     It affects your strength (+3).
   MP+9:      It affects your magic capacity (+9).
   Rampage:   It bestows one free step when moving towards enemies.
   Stlth+:    It makes you more stealthy.
 r - a +1 pair of gloves (worn)
 s - a +0 pair of boots (worn)
Jewellery
 f - a ring of fire
 g - a +6 ring of strength
 l - a ring of magical power (left hand)
 q - a ring of wizardry (right hand)
 v - a ring of protection from cold
 w - a ring of poison resistance
Scrolls
 c - 2 scrolls of enchant weapon {unknown}
 e - 2 scrolls of fog {unknown}
 h - 3 scrolls of identify {unknown}
 i - a scroll of vulnerability {unknown}
 j - a scroll of teleportation {unknown}
 k - a scroll of amnesia {unknown}
 m - a scroll of revelation {unknown}
 o - a scroll of enchant armour {unknown}
 u - a scroll of immolation {unknown}
 x - a scroll of butterflies {unknown}
Potions
 b - a potion of magic
 p - a potion of haste {unknown}
 t - 3 potions of curing {unknown}
 z - a potion of degeneration {unknown}


   Skills:
 - Level 1.7 Dodging
 - Level 1.7 Stealth
 * Level 4.1 Spellcasting
 - Level 7.1 Ice Magic


You had 4 spell levels left.
You knew the following spells:

 Your Spells              Type           Power      Damage    Failure   Level
a - Freeze                Ice            100%       1d10      1%          1
b - Frozen Ramparts       Ice            60%        1d10      1%          3
c - Ozocubu's Armour      Ice            30%        N/A       1%          3
d - Hailstorm             Conj/Ice       17%        3d6       4%          3

Your spell library contained the following spells:

 Spells                   Type           Power      Damage    Failure   Level
 Foxfire                  Conj/Fire      12%        2x1d4     6%          1
 Lesser Beckoning         Tloc           6%         N/A       9%          2
 Summon Ice Beast         Ice/Summ       17%        N/A       12%         4
 Dazzling Flash           Conj/Hex       6%         N/A       16%         3
 Gell's Gravitas          Tloc           3%         N/A       16%         3
 Teleport Other           Tloc           3%         N/A       16%         3
 Volatile Blastmotes      Fire/Tloc      6%         2d10      16%         3
 Ozocubu's Refrigeration  Ice            15%        4d10      91%         7
 Starburst                Conj/Fire      1%         6d3       100%        6
 Maxwell's Capacitive Co  Air            1%         ∞         100%        8


Dungeon Overview and Level Annotations

Branches:
Dungeon (5/15)             Temple (1/1) D:4

Altars:
Fedhas
Makhleb
Nemelex Xobeh
Ru
Uskayaw
Vehumet
Wu Jian
Xom

Annotations:
D:5 Menkaure


Innate Abilities, Weirdness & Mutations

You are mostly covered in rugged brown scales. (AC +2, +5% HP)
You sometimes emit foul miasma when damaged in melee.


Message History

Unknown command.
Unknown command.
Unknown command.
Unknown command.
Unknown command.
You hit Menkaure but do no damage.
Menkaure is severely damaged.
Menkaure hits you.
You hit Menkaure.
Menkaure is severely damaged.
Menkaure closely misses you.
You hit Menkaure.
Menkaure is almost destroyed.
Menkaure gestures at you while chanting.
You struggle to resist.
Menkaure forgets how to speak, silenced by the ages.
Menkaure calls on the powers of darkness!
Your body is wracked with pain!
Unknown command.
You barely miss Menkaure.
Menkaure is almost destroyed.
An orc zombie comes into view.
Menkaure hits you.
You hit Menkaure.
Menkaure is almost destroyed.
Menkaure hits you but does no damage.
You hit Menkaure but do no damage.
Menkaure is almost destroyed.
Menkaure hits you!!
* * * LOW HITPOINT WARNING * * *
Unknown command.
You aren't carrying any items that you can evoke.
Okay, then.
You hit Menkaure.
Menkaure is almost destroyed.
Menkaure barely misses you.
You hit Menkaure but do no damage.
Menkaure is almost destroyed.
Menkaure hits you but does no damage. Menkaure hits you.
You die...

#..... #....
#...###########
#.)..........#
#..##########.# #.. #.#
#.. ######.######
#..########>...........
..#.ZM@...........####.
.#.#####.##.####..####.
#.##.# #..#.... #.##.#
#..#<##. #.##.#
#....... #.##.#
##...... #.##.# ###.##.
#.##.# #.##.
#######.##.


You could see Menkaure (fast) and an orc zombie.

Vanquished Creatures
  Eustachio (D:4)
  An ogre (D:5)
  2 hounds
  2 iguanas
  A jelly (D:5)
  Terence (D:3)
  4 gnolls
  5 adders
  A white imp (D:4)
  An ufetubus (D:5)
  A worm (D:3)
  3 dart slugs
  7 orcs
  7 bats
  7 endoplasms
  A giant cockroach (D:2)
  12 goblins
  8 hobgoblins
  9 jackals
  6 kobolds
  2 quokkas
  4 ball pythons
  5 frilled lizards
  An orc zombie (D:5)
  9 rats
101 creatures vanquished.

Notes
Turn   | Place    | Note
-------+----------+-------------------------------------------
     0 | D:1      | gruber the Demonspawn Ice Elementalist began the quest for
                  | the Orb.
     0 | D:1      | Reached XP level 1. HP: 13/13 MP: 3/3
   114 | D:1      | Reached skill level 4 in Ice Magic
   115 | D:1      | Gained mutation: You may rarely emit foul miasma when
                  | damaged in melee. [demonic ancestry]
   115 | D:1      | Reached XP level 2. HP: 6/19 MP: 5/5
   908 | D:2      | Identified the +1 robe of Eternal Night {Rampage MP+9 Str+3
                  | Stlth+}
  1010 | D:2      | Reached XP level 3. HP: 24/24 MP: 6/6
  1230 | D:2      | Learned a level 3 spell: Frozen Ramparts
  1511 | D:1      | Reached skill level 5 in Ice Magic
  1968 | D:3      | Reached XP level 4. HP: 30/30 MP: 7/7
  1972 | D:3      | Learned a level 3 spell: Ozocubu's Armour
  2382 | D:3      | Noticed Terence
  2391 | D:3      | Killed Terence
  2875 | D:4      | Found a staircase to the Ecumenical Temple.
  2875 | D:4      | Noticed Eustachio
  2920 | D:4      | Killed Eustachio
  2921 | D:4      | Reached skill level 6 in Ice Magic
  2921 | D:4      | Gained mutation: You sometimes emit foul miasma when
                  | damaged in melee. [demonic ancestry]
  2921 | D:4      | Reached XP level 5. HP: 9/35 MP: 4/8
  2921 | D:4      | Gained mutation: You are partially covered in rugged brown
                  | scales. (AC +1, +3% HP) [demonic ancestry]
  2921 | D:4      | Reached XP level 6. HP: 9/42 MP: 4/9
  3099 | Temple   | Entered the Ecumenical Temple
  3108 | Temple   | Became a worshipper of Vehumet
  3276 | D:4      | Reached skill level 7 in Ice Magic
  4100 | D:5      | Entered Level 5 of the Dungeon
  4124 | D:5      | Reached * piety under Vehumet
  4124 | D:5      | Offered knowledge of Foxfire by Vehumet.
  4255 | D:5      | Gained mutation: You are mostly covered in rugged brown
                  | scales. (AC +2, +5% HP) [demonic ancestry]
  4255 | D:5      | Reached XP level 7. HP: 28/48 MP: 12/12
  4257 | D:5      | Noticed Menkaure
  4273 | D:5      | Learned a level 3 spell: Hailstorm
  4383 | D:5      | Slain by Menkaure

Illustrated notes

Levels and vault maps discovered:
D:1:      dpeg_arrival_line_fractal, layout_loops_ring, st_stairs_2
D:2:      layout_loops_ring, minmay_gold_behind_fungi
D:3:      layout_rooms, nicolae_overflow_hidden_temple, serial_co_window_serial,
          co_window_paths_b, co_window_corner_a, co_window_paths_b,
          co_window_corner_a, co_window_cross_1, co_window_corner_ca,
          co_window_corner_ca, co_window_broadway_c, co_window_corner_b,
          glass_columns_c, glass_columns_a, uniq_terence
D:4:      kennysheep_big_flooded_room, layout_basic, minmay_temple_entry_wispy,
          serial_co_window_serial, co_window_paths_b, co_window_paths_b,
          co_window_paths_a, co_window_paths_b, co_window_paths_a,
          co_window_unsneaky_path_c, co_window_broadway_b,
          co_window_of_opportunity_b, co_window_paths_c, co_window_broadway_a,
          co_window_unsneaky_path_d, co_window_paths_e, glass_columns_a,
          glass_columns_c, glass_columns_a, st_stairs_5,
          hangedman_abyss_or_decor_slice, uniq_eustachio
D:5:      layout_loops_ring, grunt_dithmenos_smoke, okawaru_altar_gauntlet_db,
          nicolae_ossuary_entry_giza, uniq_menkaure
Temple:   nicolae_temple_two_arcs

Skill      XL: |  1  2  3  4  5  6  7 |
---------------+----------------------+-----
Ice Magic      | 4 5 6 7 |  7.1
Spellcasting   | 3 4 |  4.1
Dodging        | |  1.7
Stealth        | |  1.7

Action                     |  1- 3 |  4- 6 |  7- 9 || total
---------------------------+-------+-------+-------++-------
  Melee: Rapier            |    71 |    58 |     2 ||   131
         Punch             |     1 |     2 |       ||     3
         Short sword       |       |       |    11 ||    11
   Cast: Freeze            |    17 |    50 |       ||    67
         Frozen Ramparts   |       |    12 |     1 ||    13
         Ozocubu's Armour  |       |     7 |     1 ||     8
         Hailstorm         |       |       |     3 ||     3
   Stab: Sleeping          |    13 |     7 |       ||    20
 Armour: Robe              |    50 |    61 |     8 ||   119
  Dodge: Dodged            |    56 |    60 |     4 ||   120

Table legend: (Time is in decaauts)
 A = Elapsed time spent in this place.
 B = Non-inter-level travel time spent in this place.
 C = Inter-level travel time spent in this place.
 D = Time resting spent in this place.
 E = Time spent auto-exploring this place.
 F = Levels seen in this place.
 G = Mean time per level.
                   A        B        C        D        E       F      G
               +--------+--------+--------+--------+--------+-----+--------+
         Total |   4408 |   4209 |    199 |     81 |   3386 |   6 |  734.7 |
       Dungeon |   4389 |   4199 |    190 |     81 |   3386 |   5 |  877.8 |
        Temple |     18 |      9 |      9 |      0 |      0 |   1 |   18.0 |
               +--------+--------+--------+--------+--------+-----+--------+

Top non-repeatable levels by time:
     D:4: 1385 daAuts
     D:1: 997 daAuts
     D:2: 951 daAuts
     D:3: 771 daAuts
     D:5: 283 daAuts
  Temple: 18 daAuts
